 Dungeon Crawl Stone Soup version 0.19.1-1-g22dce08 (webtiles) character file.

785 rgaf the Basher (level 7, -2/67 HPs)
             Began as an Ogre Hunter on Jan 11, 2017.
             Slain by a sky beast (6 damage)
             ... on level 5 of the Dungeon.
             The game lasted 00:06:00 (5595 turns).

rgaf the Basher (Ogre Hunter)                       Turns: 5595, Time: 00:06:02

Health: -2/67      AC:  3    Str: 20    XL:     7   Next: 86%
Magic:  7/7        EV: 10    Int: 10    God:
Gold:   184        SH:  0    Dex: 10    Spells: 0 memorised, 6 levels left

rFire  . . .     SeeInvis .     t - +0 flail
rCold  . . .     Gourm    .     b - +0 robe
rNeg   . . .     Faith    .     (no shield)
rPois  .         Spirit   .     (helmet restricted)
rElec  .         Reflect  .     (no cloak)
rCorr  .         Harm     .     (gloves unavailable)
MR     .....                    (boots unavailable)
Stlth  +.........               (no amulet)
                                (no ring)
                                v - +3 ring of slaying

@: no status effects
A: unfitting armour, tough skin 1
a: no special abilities


You were on level 5 of the Dungeon.
You were very hungry.

You visited 2 branches of the dungeon, and saw 6 of its levels.

You collected 184 gold pieces.

Inventory:

Hand Weapons
 a - a +0 short sword
 h - a +0 mace
 t - a +0 flail (weapon)
Missiles
 c - 2 large rocks (quivered)
 d - 2 throwing nets
 n - 7 javelins
Armour
 b - a +0 robe (worn)
Jewellery
 r - an uncursed ring of ice
 v - a +3 ring of slaying (left hand)
 w - a cursed ring of loudness {unknown}
Scrolls
 e - 3 scrolls of teleportation {unknown}
 i - 8 scrolls of identify {unknown}
 k - 2 scrolls of blinking {unknown}
 p - 4 scrolls of remove curse {unknown}
 s - a scroll of amnesia {unknown}
 x - a scroll of fog {unknown}
Potions
 g - a potion of degeneration {unknown}
 j - a potion of might {unknown}
 m - a potion of resistance {unknown}
 o - a potion of brilliance {unknown}
 u - a potion of flight
Books
 q - a book of Cantrips

   Spells                             Type                      Level
   a - Confusing Touch                Hexes                        1
   b - Animate Skeleton               Necromancy                   1
   c - Summon Small Mammal            Summoning                    1
   d - Apportation                    Translocation                1
Comestibles
 f - 2 bread rations
 l - 2 slices of pizza


   Skills:
 - Level 3.4 Fighting
 * Level 10.6 Maces & Flails
 - Level 4.0 Throwing
 - Level 1.7 Dodging
 - Level 0.6 Stealth


You had 6 spell levels left.
You didn't know any spells.

Dungeon Overview and Level Annotations

Branches:
Dungeon (5/15)             Temple (1/1) D:4

Altars:
Cheibriados
Dithmenos
Elyvilon
Gozag
Hepliaklqana
Kikubaaqudgha
Makhleb
Nemelex Xobeh
Trog
Uskayaw
Vehumet
Xom
Yredelemnul
Zin


Innate Abilities, Weirdness & Mutations

You are too large for most types of armour.
You have tough skin. (AC +1)


Message History

Press: ? - help, Shift-Dir - straight line, f/p - sky beast
Aim: a sky beast (moderately wounded)
You throw a large rock. The large rock hits the sky beast.
The sky beast is heavily wounded.
The sky beast flickers out of sight!
Deactivating autopickup; reactivate with Ctrl-A.
Something hits you but does no damage. Something hits you.
* * * LOW HITPOINT WARNING * * *
Something shocks you.
* * * LOW HITPOINT WARNING * * *
Throwing (i - inventory. (,) - cycle):
c - 3 large rocks (quivered)
Press: ? - help, Shift-Dir - straight line You throw a large rock.
Something hits you.
* * * LOW HITPOINT WARNING * * *
Something shocks you.
* * * LOW HITPOINT WARNING * * *
Something hits you.
* * * LOW HITPOINT WARNING * * *
Something shocks you.
You die...

#.# #..## #.......>.
#.# #..# #..#######
#.# #..# ##..#### #.#
#.## #......# #.# #.#
#......# #.# #.#
#..#+#..#
####.###.####[.+_'..#
.........#.....#+#..#
####............@..##
####.###.#.####{...#
......##.#.# #.####
#........#.# #.
...........# #.
<.....###### #.
#.)...# #. ###..## #.
#..#


There were no monsters in sight!

Vanquished Creatures
  The ghost of roflc0ptic the Magician, an amateur HEFE (D:4)
  A phantom (D:4)
  A centaur (D:5)
  A crimson imp (D:5)
  2 orc priests (D:4)
  2 iguanas (D:4)
  An orc wizard (D:4)
  A worker ant (D:4)
  7 gnolls (D:4)
  7 adders
  2 oozes (D:3)
  An adder skeleton (D:4)
  3 worms
  3 dart slugs
  6 leopard geckos
  9 orcs
  3 ball pythons
  4 bats
  4 giant cockroaches
  6 goblins
  11 hobgoblins
  2 quokkas
  4 frilled lizards
  9 kobolds
  5 rats
96 creatures vanquished.

Notes
Turn   | Place    | Note
-------+----------+-------------------------------------------
     0 | D:1      | rgaf the Ogre Hunter began the quest for the Orb.
     0 | D:1      | Reached XP level 1. HP: 22/22 MP: 1/1
   367 | D:1      | Reached XP level 2. HP: 29/31 MP: 2/2
   422 | D:1      | Reached skill level 1 in Maces & Flails
   694 | D:1      | Reached skill level 2 in Maces & Flails
   852 | D:2      | Reached XP level 3. HP: 27/37 MP: 3/3
  1059 | D:2      | Reached skill level 3 in Maces & Flails
  1434 | D:2      | Reached skill level 4 in Maces & Flails
  1434 | D:2      | Reached XP level 4. HP: 13/45 MP: 4/4
  1443 | D:2      | HP: 2/45 [poisoned by an adder]
  1787 | D:2      | Found a sparkling altar of Nemelex Xobeh.
  2510 | D:3      | Reached skill level 5 in Maces & Flails
  2952 | D:3      | Reached XP level 5. HP: 47/53 MP: 5/5
  3546 | D:4      | Reached skill level 6 in Maces & Flails
  3599 | D:4      | Found a radiant altar of Vehumet.
  3904 | D:4      | Reached skill level 7 in Maces & Flails
  3934 | D:4      | Reached XP level 6. HP: 41/61 MP: 6/6
  4245 | D:4      | Found a staircase to the Ecumenical Temple.
  4274 | Temple   | Entered the Ecumenical Temple
  4405 | D:4      | Noticed a phantom
  4415 | D:4      | Killed a phantom
  4415 | D:4      | Reached skill level 8 in Maces & Flails
  4667 | D:4      | Reached XP level 7. HP: 63/67 MP: 7/7
  4715 | D:4      | Reached skill level 9 in Maces & Flails
  4780 | D:4      | Found a glowing silver altar of Zin.
  4780 | D:4      | Noticed roflc0ptic's ghost (amateur HEFE)
  4790 | D:4      | Killed roflc0ptic's ghost
  4883 | D:4      | Reached skill level 10 in Maces & Flails
  5139 | D:5      | Entered Level 5 of the Dungeon
  5582 | D:5      | Found a white marble altar of Elyvilon.
  5595 | D:5      | Slain by a sky beast

Skill      XL: |  1  2  3  4  5  6  7 |
---------------+----------------------+-----
Fighting       | 3 |  3.4
Maces & Flails | 2 4 5 7 8 10 | 10.6
Throwing       | |  4.0
Dodging        | |  1.7
Stealth        | |  0.6

Action                   |  1- 3 |  4- 6 |  7- 9 || total
-------------------------+-------+-------+-------++-------
Melee: Short sword       |    33 |       |       ||    33
       Mace              |    79 |    79 |       ||   158
       Flail             |       |   113 |    33 ||   146
Throw: Large rock        |     1 |     9 |     6 ||    16
       Throwing net      |       |     2 |       ||     2
  Use: Potion            |     2 |       |       ||     2
 Stab: Sleeping          |     1 |     2 |     2 ||     5
       Distracted        |       |     1 |       ||     1
  Eat: Chunk             |     2 |    10 |     2 ||    14
Armor: Robe              |    46 |    38 |     5 ||    89
Dodge: Dodged            |    69 |    83 |    12 ||   164
